 Dungeon Crawl Stone Soup version 0.28-a0-1184-g53156a8862 (webtiles) character file.

Game seed: 9541978001929556889

224 Armakuni the Cudgeller (level 6, -5/47 HPs)
             Began as a Human Artificer on Dec 17, 2021.
             Killed from afar by an orc wizard (12 damage)
             ... with a puff of flame
             ... on level 3 of the Dungeon.
             The game lasted 00:07:01 (2702 turns).

Armakuni the Cudgeller (Human Artificer)            Turns: 2702, Time: 00:07:01

Health: -5/47      AC:  7    Str: 14    XL:     6   Next: 20%
Magic:  6/6        EV: 10    Int: 11    God:
Gold:   83         SH:  0    Dex: 14    Spells: 5/5 levels left

rFire   . . .      SeeInvis .   a - +1 flail
rCold   . . .      Faith    .   (no shield)
rNeg    . . .      Spirit   .   r - +0 ring mail
rPois   .          Reflect  .   (no helmet)
rElec   .          Harm     .   k - +1 cloak
rCorr   .          Rampage  .   (no gloves)
Will    +....                   (no boots)
Stlth   +.........              (no amulet)
HPRegen 0.15/turn               W - ring of willpower
MPRegen 0.10/turn               (no ring)

@: no status effects
A: no striking features
a: no special abilities


You were on level 3 of the Dungeon.
You visited 1 branch of the dungeon, and saw 4 of its levels.

You collected 83 gold pieces.

Inventory:

Hand Weapons
 a - a +1 flail (weapon)
Missiles
 g - 51 stones (quivered)
 h - 19 sling bullets
 m - a boomerang
Armour
 b - a +0 leather armour
 k - a +1 cloak (worn)
 r - a +0 ring mail (worn)
Jewellery
 W - a ring of willpower (left hand)
Wands
 c - a wand of flame (7)
 d - a wand of charming (11)
Scrolls
 f - a scroll of identify
 j - a scroll of vulnerability {unknown}
Potions
 i - a potion of magic {unknown}
 l - 2 potions of heal wounds
 n - a potion of might
 o - a potion of brilliance
 p - a potion of curing {unknown}
Miscellaneous
 e - a piece from Xom's chessboard (6/15)


   Skills:
 + Level 3.0 Fighting
 + Level 4.2 Maces & Flails
 - Level 1.4 Throwing
 - Level 2.0 Armour
 - Level 1.0 Dodging
 - Level 1.0 Stealth
 - Level 3.0 Evocations


You had 5 spell levels left.
You didn't know any spells.
Your spell library contained the following spells:

 Spells                   Type           Power      Damage    Failure   Level
 Shock                    Conj/Air       0%         1d3       56%         1
 Swiftness                Air            0%         N/A       91%         3
 Airstrike                Air            0%         N/A       100%        4


Dungeon Overview and Level Annotations

Branches:
Dungeon (4/15)
 Temple: D:4-7

Altars:
Fedhas
Yredelemnul


Message History

The orc priest barely misses your orc wizard.
Your orc wizard completely misses the orc priest.
The orc priest shouts!
The orc priest barely misses your orc wizard.
Your orc wizard hits the orc priest with a +2 dagger of speed.
Items here: ( )) ††.
Okay, then.
Unknown command.
m - a boomerang The orc priest shouts!
Your orc wizard casts a spell at the orc priest.
The orc priest appears confused.
The orc priest shouts!
The orc priest completely misses your orc wizard.
The orc priest shouts!
Your orc wizard casts a spell at the orc priest.
The magic dart hits the orc priest.
The orc priest dies!
Your Fighting skill increases to level 3!
Really attack your orc wizard?
You hit your orc wizard.
The orc wizard is no longer charmed.
You can no longer detect the orc wizard.
Something hits you but does no damage.
Deactivating autopickup; reactivate with Ctrl-A.
Something hits you but does no damage.
You miss something. Something hits you. x2
You miss something. Something hits you but does no damage.
You barely miss something.
You hear some strange, mumbled words.
A puff of flame appears from out of thin air!
The puff of flame hits you!
You hear some strange, mumbled words.
A puff of flame appears from out of thin air!
The puff of flame hits you!
* * * LOW HITPOINT WARNING * * *
You barely miss something.
You hear some strange, mumbled words.
A puff of flame appears from out of thin air!
The puff of flame hits you!
You die...

##################
#...........)@{.)#
#.##############.#
####.# .....###
..#....#
.......####.
>...........
............
............


There were no monsters in sight!

Vanquished Creatures
  A scorpion (D:4)
  Terence (D:2)
  4 gnolls (D:2)
  2 adders (D:2)
  2 adder zombies (D:3)
  An adder skeleton (D:4)
  A dart slug (D:2)
  2 orcs (D:3)
  4 endoplasms
  4 goblins
  3 hobgoblins
  2 jackals (D:1)
  3 kobolds
  3 quokkas
  7 ball pythons (D:1)
  4 bats (D:1)
  4 frilled lizards (D:1)
  A jackal zombie (D:3)
  3 rats
52 creatures vanquished.

Vanquished Creatures (collateral kills)
  An orc priest (D:3)
  A kobold (D:2)
  A rat (D:2)
3 creatures vanquished.

Vanquished Creatures (others)
  6 toadstools (D:3)
6 creatures vanquished.

Grand Total: 61 creatures vanquished

Notes
Turn   | Place    | Note
-------+----------+-------------------------------------------
     0 | D:1      | Armakuni the Human Artificer began the quest for the Orb.
     0 | D:1      | Reached XP level 1. HP: 15/15 MP: 1/1
   123 | D:1      | Reached skill level 1 in Maces & Flails
   187 | D:1      | Reached XP level 2. HP: 21/21 MP: 2/2
   595 | D:1      | Reached XP level 3. HP: 17/26 MP: 3/3
   751 | D:1      | Reached skill level 2 in Maces & Flails
   751 | D:1      | Reached skill level 1 in Throwing
   995 | D:2      | Noticed Terence
  1253 | D:2      | Your ally Terence died
  1257 | D:2      | Reached XP level 4. HP: 17/32 MP: 4/4
  1447 | D:2      | Reached skill level 3 in Maces & Flails
  1770 | D:2      | Reached XP level 5. HP: 37/38 MP: 5/5
  2353 | D:3      | Found a basalt altar of Yredelemnul.
  2354 | D:3      | You fall into a shaft and drop 1 floor!
  2397 | D:4      | Found a blossoming altar of Fedhas.
  2577 | D:4      | Reached skill level 4 in Maces & Flails
  2628 | D:3      | Reached XP level 6. HP: 39/46 MP: 6/6
  2702 | D:3      | Killed from afar by an orc wizard

Illustrated notes

Levels and vault maps discovered:
D:1:      dpeg_arrival_renting, layout_rooms
D:2:      layout_basic, minivault_14, uniq_terence
D:3:      cheibrodos_fertilizer, layout_basic, nicolae_yredelemnul_corpse_copse,
          gammafunk_temple_overflow_elements, portal_sewer_entry_b,
          kennysheep_jessica_study
D:4:      layout_loops_ring, mainiacjoe_overflow_alcove_4,
          mainiacjoe_overflow_six_doors_small, minmay_temple_entry_trees,
          grunt_decor_resistance, kennysheep_generic_room_6,
          uniq_crazy_yiuf_cottage

Skill      XL: |  1  2  3  4  5  6 |
---------------+-------------------+-----
Maces & Flails | 1 2 3 4 |  4.2
Throwing       | 1 |  1.4
Fighting       | 2 3 |  3.0
Armour         | |  2.0
Dodging        | |  1.0
Stealth        | |  1.0
Evocations     | |  3.0

Action                   |  1- 3 |  4- 6 || total
-------------------------+-------+-------++-------
Melee: Club              |    44 |       ||    44
       Whip              |    46 |    55 ||   101
       Flail             |       |    49 ||    49
Throw: Stone             |    27 |     7 ||    34
Evoke: Wand              |     8 |     4 ||    12
       Piece from Xom's  |     5 |     9 ||    14
  Use: Potion            |     1 |       ||     1
       Scroll            |       |     6 ||     6
 Stab: Sleeping          |     1 |     1 ||     2
       Betrayed ally     |     1 |       ||     1
       Petrified         |       |    23 ||    23
       Petrifying        |       |     1 ||     1
Armor: Leather armour    |    50 |     5 ||    55
       Ring mail         |       |    26 ||    26
Dodge: Dodged            |    99 |    34 ||   133

Table legend: (Time is in decaauts)
 A = Elapsed time spent in this place.
 B = Non-inter-level travel time spent in this place.
 C = Inter-level travel time spent in this place.
 D = Time resting spent in this place.
 E = Time spent auto-exploring this place.
 F = Levels seen in this place.
 G = Mean time per level.
                   A        B        C        D        E       F      G
               +--------+--------+--------+--------+--------+-----+--------+
         Total |   2720 |   2668 |     52 |    557 |   1206 |   4 |  680.0 |
       Dungeon |   2720 |   2668 |     52 |    557 |   1206 |   4 |  680.0 |
               +--------+--------+--------+--------+--------+-----+--------+

Top non-repeatable levels by time:
     D:2: 1343 daAuts
     D:1: 1004 daAuts
     D:4: 263 daAuts
     D:3: 110 daAuts
